 Dungeon Crawl Stone Soup version 0.21-a0-442-g848f44b (webtiles) character file.

59 slep the Shield-Bearer (level 3, 0/29 HPs)
             Began as a Minotaur Wanderer on Nov 16, 2017.
             Succumbed to an adder's poison
             ... on level 2 of the Dungeon.
             The game lasted 00:05:59 (1053 turns).

slep the Shield-Bearer (Minotaur Wanderer)          Turns: 1053, Time: 00:05:59

Health: 0/29       AC:  3    Str: 17    XL:     3   Next: 78%
Magic:  14/14      EV:  9    Int: 10    God:
Gold:   30         SH:  8    Dex:  8    Spells: 6/6 levels left

rFire    . . .     SeeInvis .   b - +0 spear
rCold    . . .     Gourm    .   a - +0 shield
rNeg     . . .     Faith    .   e - +0 leather armour
rPois    .         Spirit   .   (helmet restricted)
rElec    .         Reflect  .   h - scarf {repulsion}
rCorr    .         Harm     .   (no gloves)
MR       .....     Rnd*Tele +   (no boots)
Stlth    +.........             (no amulet)
HPRegen  0.09/turn              j - ring of teleportation (curse)
MPRegen  0.14/turn              l - ring of magical power

@: lethally poisoned (0 -> -3), berserk cooldown, hasted and slowed, repel
missiles
A: retaliatory headbutt, horns 2
a: no special abilities


You were on level 2 of the Dungeon.
You were hungry.

You visited 1 branch of the dungeon, and saw 2 of its levels.

You collected 30 gold pieces.

Inventory:

Hand Weapons
 b - a +0 spear (weapon)
 k - a +0 short sword
Armour
 a - a +0 shield (worn)
 d - a +0 robe
 e - a +0 leather armour (worn)
 h - a scarf of repulsion (worn)
Jewellery
 j - a cursed ring of teleportation (left hand)
 l - a ring of magical power (right hand)
Wands
 n - a wand of lightning (3/15)
Scrolls
 i - 2 scrolls of identify {unknown}
Books
 c - Vehumet's Disquisition on Conjuration

   Spells                             Type                      Level
   a - Flame Tongue                   Conjuration/Fire             1
   b - Conjure Flame                  Conjuration/Fire             3
Comestibles
 f - a bread ration
 m - 2 chunks of flesh


   Skills:
 + Level 1.7 Fighting
 + Level 1.8(2.0) Polearms
   Level 1.2(1.7) Staves
 + Level 0.7 Armour
 + Level 1.2 Dodging
 + Level 1.1 Stealth
 + Level 2.1 Shields
 + Level 2.0 Spellcasting
   Level 1.2 Hexes
   Level 1.0 Charms


You had 6 spell levels left.
You didn't know any spells.

Dungeon Overview and Level Annotations

Branches:
Dungeon (2/15)

Altars:


Innate Abilities, Weirdness & Mutations

You reflexively headbutt those who attack you in melee.
You have a pair of horns on your head.


Message History

You are no longer berserk.
You are exhausted.
You feel yourself slow down.
* * * LOW HITPOINT WARNING * * *
You feel sick.
You see here an inky potion.
g - an inky potion
* * * LOW HITPOINT WARNING * * *
You feel sick.
It was a potion of haste.
You feel yourself speed up.
* * * LOW HITPOINT WARNING * * *
You feel sick.
A kobold comes into view. It is wielding a short sword.
The kobold shouts!
* * * LOW HITPOINT WARNING * * *
You feel sick.
You puncture the kobold!
You kill the kobold!
You see here a short sword.
You die...

.# .# #......... .### #
#......... ...#
#.#####.#+######
##.######.......#.#
#.#..............######
#.#....>...............
#.#........##.#.######
#.#...........#)#
#...........#.#@#
##....#####.....#
#....# ###....
#....#######+#####
#................ ##
#............).# ###
#≈≈≈ ###............#
#.###≈≈≈≈
#............#
#....≈≈..
#.....)......#
#...≈≈...


There were no monsters in sight!

Vanquished Creatures
  2 adders (D:2)
  A dart slug (D:2)
  A ball python (D:1)
  5 bats
  3 goblins
  4 hobgoblins
  8 jackals
  A quokka (D:2)
  2 frilled lizards (D:1)
  4 kobolds
  5 rats
36 creatures vanquished.

Notes
Turn   | Place    | Note
-------+----------+-------------------------------------------
     0 | D:1      | slep the Minotaur Wanderer began the quest for the Orb.
     0 | D:1      | slep set off with: a +0 shield, a +0 spear, Vehumet's Disquisition on Conjuration, a +0 robe, a bread ration
     0 | D:1      | Reached XP level 1. HP: 16/16 MP: 1/1
   157 | D:1      | Reached XP level 2. HP: 21/23 MP: 3/3
   499 | D:2      | Reached skill level 1 in Polearms
   547 | D:2      | Reached XP level 3. HP: 14/28 MP: 5/5
  1045 | D:2      | HP: 1/29 [poisoned by an adder]
  1053 | D:2      | Succumbed to an adder's poison

Vault maps used:
D:1:      ncdulo_watergridlock
D:2:      cheibrodos_helix_gallery, minmay_misc_feat_tower,
          minmay_misc_feat_doors, nicolae_ru_sacrificial_ziggurat

Skill      XL: |  1  2  3 |
---------------+----------+-----
Spellcasting   | 2 |  2.0
Polearms       | 1 |  1.8
Shields        | 2 |  2.1
Fighting       | |  1.7
Staves         | |  1.2
Armour         | |  0.7
Dodging        | |  1.2
Stealth        | |  1.1
Hexes          | |  1.2
Charms         | |  1.0

Action                   || total
-------------------------++-------
Melee: Spear             ||   127
       Headbutt          ||    11
Evoke: Wand              ||     1
  Use: Potion            ||     2
Armor: Leather armour    ||    28
Dodge: Dodged            ||    44
       Deflected         ||     1
Block: Shield            ||    52

Table legend:
 A = Spawn XP
 B = Non-spawn XP
 C = Spawn XP percentage of total XP
 D = Spawn monster count
 E = Non-spawn monster count
 F = Spawn count percentage of total count
 G = Total turns spent on level
                    A         B        C        D         E        F      G
               +---------+---------+-------+---------+---------+-------+---------
         Total |       0 |      85 |   0.0 |       0 |      36 |   0.0 |  1053
               +---------+---------+-------+---------+---------+-------+---------
           D:1 |       0 |      26 |   0.0 |       0 |      16 |   0.0 |   487
           D:2 |       0 |      59 |   0.0 |       0 |      20 |   0.0 |   566
               +---------+---------+-------+---------+---------+-------+---------
